[Event "Team 45 45 League T47"]
[Site "Internet Chess Club"]
[Date "2010.11.29"]
[Round "4"]
[White "parrot9"]
[Black "mitus"]
[Result "0-1"]
[WhiteElo "1617"]
[BlackElo "1766"]
[Opening "Scotch game"]
[ECO "C45"]
[Time "11:23:57"]
[TimeControl "2700+45"]

1. e4 e5 2. Nf3 Nc6 3. d4 exd4 4. Nxd4 Bc5 5. Be3 Qf6 6. c3 Nge7 7. Bc4 Bb6 8.
O-O O-O 9. f4 d6 10. Qd2 Be6 11. Na3 Nxd4 12. cxd4 d5 13. e5 Qg6 14. Bd3 Bf5 15.
Bxf5 Qxf5 16. Rac1 Nc6 17. Nc2 Rfe8 18. Rf3 Re6 19. Rg3 Rg6 20. Rxg6 Qxg6 21.
Rf1 Ne7 22. Rf3 Nf5 23. Bf2 Rc8 24. b4 Re8 25. a4 a6 26. a5 Ba7 27. h3 h5 28.
Rd3 Re6 29. Ne3 Nxe3 30. Rxe3 Rc6 31. Rc3 Qb1+ 32. Kh2 Qxb4 33. Rc2 Qxd2 34.
Rxd2 b5 35. g4 hxg4 36. hxg4 Rc3 37. f5 b4 38. Rb2 b3 39. Kg2 Rc2 40. Rxb3 Bxd4
41. Rf3 Bxe5 42. Rd3 d4 43. Kf3 c5 44. Ke4 Rxf2 45. Kxe5 Rc2 46. Kd5 Rc3 47. Rd1
d3 48. Kc6 c4 49. Kb6 Rc2 50. Kxa6 Rb2 {White resigns} 0-1

[Event "Team 45 45 League T47"]
[Site "Internet Chess Club"]
[Date "2010.11.28"]
[Round "4"]
[White "clarinetref"]
[Black "ElmerHo"]
[Result "1-0"]
[WhiteElo "1694"]
[BlackElo "1619"]
[Opening "English: Caro-Kann defensive system"]
[ECO "A12"]
[Time "20:07:09"]
[TimeControl "2700+45"]

1. Nf3 d5 2. c4 c6 3. b3 e6 4. g3 Nf6 5. Bg2 Bd6 6. Bb2 Nbd7 7. d4 O-O 8. O-O
Re8 9. cxd5 exd5 10. Nc3 b6 11. e3 Bb7 12. Rc1 Rc8 13. Rc2 Rc7 14. Qc1 a6 15. a3
a5 16. Nh4 g6 17. a4 Be7 18. Nf3 Bd6 19. Ba3 Qe7 20. Bxd6 {Black resigns} 1-0

[Event "Team 45 45 League T47"]
[Site "Internet Chess Club"]
[Date "2010.11.30"]
[Round "4"]
[White "Invicta-Knight"]
[Black "PostMike"]
[Result "1-0"]
[WhiteElo "1523"]
[BlackElo "1512"]
[Opening "Sicilian: closed"]
[ECO "B23"]
[Time "11:14:11"]
[TimeControl "2700+45"]

1. e4 c5 2. Nc3 d6 3. f4 g6 4. Nf3 Bg7 5. Bc4 Nc6 6. O-O Nf6 7. d3 O-O 8. f5
gxf5 9. exf5 Bxf5 10. Qe1 e6 11. Nh4 Ne7 12. Nxf5 Nxf5 13. Bxe6 Nd4 14. Bb3 b5
15. Qg3 Nxb3 16. axb3 Nd7 17. Nxb5 Ne5 18. Bf4 a6 19. Nc3 Kh8 20. Nd5 f5 21.
Rae1 Nf7 22. c3 Be5 23. Qh3 Ng5 24. Qh6 Nf7 25. Qh5 Ra7 26. Re3 Bxf4 27. Rxf4
Ne5 28. Rxf5 Rxf5 29. Qxf5 Rf7 30. Qe4 Qa5 31. Qa4 Qd8 32. d4 Qf8 33. Qxa6 Rf1+
34. Qxf1 {Black resigns} 1-0

[Event "Team 45 45 League T47"]
[Site "Internet Chess Club"]
[Date "2010.11.29"]
[Round "4"]
[White "tryanything"]
[Black "Whalen"]
[Result "1/2-1/2"]
[WhiteElo "1569"]
[BlackElo "1593"]
[Opening "Grünfeld: 5.e3"]
[ECO "D94"]
[Time "04:00:14"]
[TimeControl "2700+45"]

1. d4 Nf6 2. c4 g6 3. Nc3 d5 4. Nf3 Bg7 5. e3 O-O 6. Be2 b6 7. cxd5 Nxd5 8. O-O
Nxc3 9. bxc3 Bb7 10. Qc2 Nd7 11. Bb2 c5 12. Rfd1 Qc7 13. Rac1 Rac8 14. dxc5 Nxc5
15. c4 Be4 16. Qd2 Rfd8 17. Qb4 Rxd1+ 18. Rxd1 Bxb2 19. Qxb2 Ne6 20. Nd4 Qe5 21.
Rd2 Qg5 22. Bf3 Nxd4 23. Bxe4 Nf5 24. Bxf5 Qxf5 25. h3 Qc5 26. Rc2 Rd8 27. Rd2
Rxd2 28. Qxd2 {Game drawn by mutual agreement} 1/2-1/2

[Event "Team 45 45 League T47"]
[Site "Internet Chess Club"]
[Date "2010.11.26"]
[Round "4"]
[White "dinosaurs01"]
[Black "kidviper"]
[Result "0-1"]
[WhiteElo "1437"]
[BlackElo "2010"]
[Opening "Sicilian defense"]
[ECO "B30"]
[Time "15:00:26"]
[TimeControl "2700+45"]

1. e4 c5 2. Nf3 Nc6 3. c3 d5 4. e5 Bg4 5. Qe2 Qc7 6. Qe3 Bxf3 7. gxf3 Qxe5 8.
Bb5 Qd6 9. c4 d4 10. Qe4 Nf6 11. Bxc6+ bxc6 12. Qe2 d3 13. Qd1 Qe6+ 14. Kf1 Qxc4
15. Na3 Qa6 16. Qb3 e6 17. Nc4 Rd8 18. Rg1 Nd5 19. Qxd3 Nb4 20. Qe2 Qb5 21. b3
Nc2 22. Rb1 Nd4 23. Qe3 Nf5 24. Qe2 g6 25. Bb2 Bg7 26. Bxg7 Nxg7 27. d3 O-O 28.
Rd1 Nf5 29. Ne5 Ne7 30. Ng4 Nd5 31. Qe5 h5 32. Nf6+ Nxf6 33. Qxf6 Kh7 34. Rg5
Rxd3 35. Rxd3 Qxd3+ 36. Kg2 Qd8 37. Qxd8 Rxd8 38. Rxc5 Rd6 39. Ra5 Rd7 40. Rc5
Rc7 41. b4 Kg7 42. b5 Kf6 43. Kg3 Ke7 44. bxc6 Kd6 45. Rc3 Rxc6 46. Rd3+ Ke7 47.
Rb3 Ra6 48. a3 Ra4 49. Rc3 Kf6 50. Re3 e5 51. Rc3 Ke6 52. Rd3 f5 53. Rc3 g5 54.
Rb3 Kd5 55. Rd3+ Kc4 56. Re3 f4+ {White resigns} 0-1

[Event "Team 45 45 League T47"]
[Site "Internet Chess Club"]
[Date "2010.11.26"]
[Round "4"]
[White "Warpdrive"]
[Black "juniorVishy"]
[Result "0-1"]
[WhiteElo "1591"]
[BlackElo "1616"]
[Opening "Sicilian: accelerated fianchetto, modern variation"]
[ECO "B34"]
[Time "20:00:33"]
[TimeControl "2700+45"]

1. e4 c5 2. Nf3 Nc6 3. d4 cxd4 4. Nxd4 g6 5. Nc3 Bg7 6. Be3 a6 7. Be2 Nf6 8. Qd2
O-O 9. h4 Re8 10. h5 Ne5 11. hxg6 fxg6 12. Bh6 Nf7 13. Bxg7 Kxg7 14. O-O-O e5
15. Nb3 d6 16. f3 Be6 17. Rh2 Rc8 18. Nd5 Nxd5 19. exd5 Bf5 20. Bd3 Bxd3 21.
Qxd3 Qg5+ 22. Kb1 Rc7 23. Rdh1 h6 24. Qd2 Qxd2 25. Nxd2 Rec8 26. c4 b5 27. b3
bxc4 28. Nxc4 Rc5 29. Rd1 Rb5 30. Ne3 Rc3 31. Re1 a5 32. Rh4 Ng5 33. Rc4 Rxc4
34. Nxc4 Rxd5 35. f4 exf4 36. Re7+ Nf7 37. Ra7 g5 38. Kc2 h5 39. Nxa5 h4 40. Nc4
f3 41. gxf3 h3 {White resigns} 0-1

[Event "Team 45 45 League T47"]
[Site "Internet Chess Club"]
[Date "2010.11.26"]
[Round "4"]
[White "mmf00"]
[Black "kidcobra"]
[Result "1/2-1/2"]
[WhiteElo "1651"]
[BlackElo "1640"]
[Opening "French: advance, Paulsen attack"]
[ECO "B22"]
[Time "15:00:26"]
[TimeControl "2700+45"]

1. e4 c5 2. c3 e6 3. d4 d5 4. e5 Nc6 5. Nf3 cxd4 6. cxd4 Bb4+ 7. Nc3 Nge7 8. a3
Bxc3+ 9. bxc3 O-O 10. Bd3 Qc7 11. Bxh7+ Kxh7 12. Ng5+ Kg8 13. Qh5 Rd8 14. Qxf7+
Kh8 15. Nxe6 Bxe6 16. Qxe6 Qd7 17. Qf7 Qf5 18. Qxf5 Nxf5 19. Rb1 b6 20. Ke2 Rac8
21. Bd2 Na5 22. f4 Nc4 23. a4 Na3 24. Ra1 Nc4 25. g4 Nh6 26. h3 g6 27. f5 Nxd2
28. Kxd2 gxf5 29. g5 Nf7 30. h4 Kg7 31. Rag1 Rg8 32. Re1 Rce8 33. Kd3 Re6 34.
Ref1 Rh8 35. Rxf5 Rg6 36. Rhf1 Nd8 37. Rh1 Ne6 38. Rff1 Rh7 39. c4 Nc7 40. cxd5
Nxd5 41. Ke4 Nc3+ 42. Kf5 Nd5 43. Rf3 Ne7+ 44. Kg4 Nd5 45. Rhf1 Kh8 46. h5 Rg8
47. g6 Rhg7 48. Kh4 Ne7 49. Rf7 Nxg6+ 50. hxg6 Rxg6 51. R1f6 Rg4+ 52. Kh3 Rg3+
53. Kh2 Rg2+ 54. Kh1 Rg1+ 55. Kh2 R1g2+ 56. Kh1 Rg1+ 57. Kh2 R1g2+ 58. Kh1 Rg1+
59. Kh2 R1g2+ {Game drawn by repetition} 1/2-1/2

[Event "Team 45 45 League T47"]
[Site "Internet Chess Club"]
[Date "2010.11.28"]
[Round "4"]
[White "islanderpfeifer"]
[Black "ryan2chess"]
[Result "0-1"]
[WhiteElo "1435"]
[BlackElo "1733"]
[Opening "Old Benoni defense"]
[ECO "A46"]
[Time "18:03:13"]
[TimeControl "2700+45"]

1. d4 Nf6 2. Nf3 c5 3. d5 d6 4. c4 Bf5 5. Nc3 e6 6. Bg5 Be7 7. h3 Nbd7 8. e3 h6
9. Bf4 Qb6 10. Na4 Qb4+ 11. Nc3 Qxb2 12. Nb5 Qb4+ 13. Nd2 O-O 14. Bxd6 Bxd6 15.
Nxd6 Ne4 16. Nxf5 exf5 17. Bd3 Ndf6 18. f3 Ng3 19. Rg1 Qc3 20. Be2 Qxe3 21. Rf1
Nxf1 22. Nxf1 Qg5 23. Kf2 Nh5 24. Bd3 Nf4 25. Ng3 g6 26. Bf1 Rfe8 27. a4 h5 28.
a5 h4 29. Nh1 Re2+ 30. Bxe2 Qxg2+ 31. Ke3 Nxe2 32. Nf2 Re8+ 33. Ne4 fxe4 34.
fxe4 Rxe4+ 35. Kd3 Qf3+ 36. Kc2 Rxc4+ 37. Kb2 Qc3+ 38. Ka2 Qxa5+ 39. Kb3 Qb4+
40. Ka2 Nc3# {White checkmated} 0-1

[Event "Team 45 45 League T47"]
[Site "Internet Chess Club"]
[Date "2010.11.29"]
[Round "4"]
[White "subterfuge"]
[Black "zepled37"]
[Result "1-0"]
[WhiteElo "1745"]
[BlackElo "1680"]
[Opening "QGD: classical variation (5.Bf4)"]
[ECO "D37"]
[Time "20:02:43"]
[TimeControl "2700+45"]

1. d4 d5 2. c4 e6 3. Nf3 Nf6 4. Nc3 Be7 5. Bf4 O-O 6. e3 c6 7. a3 dxc4 8. Bxc4
b5 9. Be2 a6 10. Rc1 Bb7 11. b4 Nbd7 12. O-O Nb6 13. e4 Rc8 14. Ne5 Ne8 15. Be3
f6 16. Nd3 Nd6 17. Nc5 e5 18. Ne6 Qe8 19. Nxf8 Bd8 20. dxe5 Ndc4 21. Bc5 Nxe5
22. f4 Nf7 23. Qd3 Nc4 24. Qh3 Nh6 25. Bxc4+ bxc4 26. Rcd1 Rb8 27. Qe6+ Qf7 28.
Rd7 Qxe6 29. Nxe6 Nf7 30. Rfd1 a5 31. Nxd8 Nxd8 32. Rxd8+ Rxd8 33. Rxd8+ Kf7 34.
Rd7+ {Black resigns} 1-0

[Event "Team 45 45 League T47"]
[Site "Internet Chess Club"]
[Date "2010.11.26"]
[Round "4"]
[White "bmw2002"]
[Black "nursey"]
[Result "1/2-1/2"]
[WhiteElo "1569"]
[BlackElo "1586"]
[Opening "English opening"]
[ECO "A20"]
[Time "10:00:54"]
[TimeControl "2700+45"]

1. c4 e5 2. g3 Nf6 3. Bg2 d5 4. cxd5 Nxd5 5. Nf3 Nc6 6. O-O e4 7. Ne1 f5 8. d3
exd3 9. Nxd3 Be7 10. Nf4 Ndb4 11. a3 Qxd1 12. Rxd1 Na6 13. Nc3 O-O 14. b4 Bf6
15. Bb2 Nd4 16. e3 Nc2 17. Rac1 Bxc3 18. Rxc2 Bxb2 19. Rxb2 g5 20. Bd5+ Kg7 21.
Ne6+ Bxe6 22. Bxe6 Rae8 23. Rd7+ Kf6 24. Bd5 c6 25. Bc4 Re7 26. Rbd2 Rfe8 27.
R7d6+ Ke5 28. Bxa6 bxa6 29. Rxc6 Re6 30. Rc5+ Kf6 31. Rdd5 Re5 32. Rc6+ R8e6 33.
Rdd6 Rxd6 34. Rxd6+ Re6 35. Rd7 Re7 36. Rd4 Ke5 37. Kf1 h5 38. f3 Rc7 39. Ke2
Rc2+ 40. Rd2 Rc3 41. f4+ gxf4 42. gxf4+ Ke6 43. Ra2 Kd5 44. Kd2 Rb3 45. h4 Ke4
46. Ke2 Rxe3+ 47. Kf1 Rf3+ 48. Kg2 Kxf4 49. a4 Kg4 50. b5 Rb3 51. bxa6 f4 52. a5
f3+ 53. Kf2 Kxh4 54. Rd2 Kg4 55. Rd7 Rb2+ 56. Kf1 Ra2 57. Rxa7 Rxa5 58. Rg7+ Kf4
59. a7 Ra2 60. Rh7 Ke3 61. Re7+ Kd4 62. Rf7 h4 63. Rxf3 Rxa7 64. Rf4+ Ke3 65.
Rxh4 Ra2 66. Rh7 Rf2+ 67. Ke1 Re2+ 68. Kf1 Rd2 69. Rh3+ Ke4 70. Ke1 Rg2 71. Rb3
{Game drawn by mutual agreement} 1/2-1/2

[Event "Team 45 45 League T47"]
[Site "Internet Chess Club"]
[Date "2010.11.27"]
[Round "4"]
[White "oldprez"]
[Black "BrerRabbit"]
[Result "1-0"]
[WhiteElo "1399"]
[BlackElo "1580"]
[Opening "Pirc: classical system, 5.Be2"]
[ECO "B08"]
[Time "19:00:27"]
[TimeControl "2700+45"]

1. e4 d6 2. d4 Nf6 3. Nc3 g6 4. Nf3 Bg7 5. Be2 O-O 6. O-O Bg4 7. Bf4 Nc6 8. e5
Nh5 9. Bg5 h6 10. h3 Bxf3 11. Bxf3 hxg5 12. Bxh5 gxh5 13. Qxh5 dxe5 14. dxe5
Nxe5 15. Rfd1 Qe8 16. Nd5 f6 17. Qxe8 Raxe8 18. Nxc7 Rd8 19. Ne6 Rxd1+ 20. Rxd1
Rc8 21. c3 Rc6 22. Rd8+ Kf7 23. Nd4 Rd6 24. Ra8 a6 25. Rb8 Rd7 26. b4 Nc6 27.
Nxc6 bxc6 28. Rb6 f5 29. c4 Bc3 30. Rxc6 Rd6 31. Rxd6 exd6 32. b5 axb5 33. cxb5
Bd4 34. Kf1 Ke7 35. Ke2 Kd7 36. f3 Kc7 37. Kd3 Bc5 38. Kc4 Kb6 39. g3 Ka5 40. h4
gxh4 41. gxh4 Be3 42. h5 Bf4 43. a4 Kb6 44. Kd5 Be5 45. h6 f4 46. h7 Kc7 47. a5
Kb7 48. b6 Ka6 49. Kc6 Kxa5 50. b7 d5 51. Kxd5 {Black resigns} 1-0

[Event "Team 45 45 League T47"]
[Site "Internet Chess Club"]
[Date "2010.11.28"]
[Round "4"]
[White "SpeedBlade"]
[Black "SeniorCitizen"]
[Result "1-0"]
[WhiteElo "1477"]
[BlackElo "1308"]
[Opening "English opening"]
[ECO "A20"]
[Time "15:00:19"]
[TimeControl "2700+45"]

1. c4 e5 2. g3 Nc6 3. Bg2 Nf6 4. Nc3 Bc5 5. a3 a6 6. e3 O-O 7. Nge2 Re8 8. d3 d6
9. O-O Ne7 10. h3 c6 11. b4 Bb6 12. Bb2 Bc7 13. a4 d5 14. cxd5 Nexd5 15. Qb3 Be6
16. Nxd5 Nxd5 17. Bxd5 Qxd5 18. Qxd5 cxd5 19. Kh2 f6 20. d4 Bd7 21. Rfc1 Bd6 22.
Bc3 Rec8 23. a5 Bb5 24. Ng1 Kf7 25. dxe5 fxe5 26. Bd2 Rc4 27. Rxc4 Bxc4 28. Nf3
h6 29. Bc3 Ke6 30. h4 Rf8 31. Nd2 Bb5 32. Kg1 Rc8 33. Ra3 Kf5 34. f3 Ke6 35. Kf2
g6 36. g4 h5 37. g5 Kf5 38. e4+ dxe4 39. Nxe4 Ke6 40. Nxd6 Kxd6 41. Ke3 Ke6 42.
Bd2 Rf8 43. Kf2 Rf4 44. Bxf4 {Black resigns} 1-0

[Event "Team 45 45 League T47"]
[Site "Internet Chess Club"]
[Date "2010.11.29"]
[Round "4"]
[White "DarkFlow"]
[Black "otherook"]
[Result "1-0"]
[WhiteElo "1795"]
[BlackElo "1823"]
[Opening "Scandinavian (center counter) defense"]
[ECO "B01"]
[Time "14:00:23"]
[TimeControl "2700+45"]

1. e4 d5 2. exd5 Qxd5 3. Nc3 Qa5 4. d4 c6 5. Nf3 Nf6 6. Bc4 Bf5 7. Ne5 e6 8. O-O
Bd6 9. Re1 O-O 10. g4 Bg6 11. h4 Rd8 12. Qe2 b5 13. Bb3 b4 14. Na4 Qb5 15. h5
Qxe2 16. Rxe2 Bxe5 17. dxe5 Rd1+ 18. Kg2 Nxh5 19. gxh5 Bxh5 20. Re3 Nd7 21. c3
{Black resigns} 1-0

[Event "Team 45 45 League T47"]
[Site "Internet Chess Club"]
[Date "2010.11.29"]
[Round "4"]
[White "quotha"]
[Black "Grenadier"]
[Result "1-0"]
[WhiteElo "1651"]
[BlackElo "1731"]
[Opening "Caro-Kann: advance variation"]
[ECO "B12"]
[Time "17:01:24"]
[TimeControl "2700+45"]

1. e4 c6 2. d4 d5 3. e5 Bf5 4. f4 e6 5. Nf3 Nd7 6. Bd3 Ne7 7. O-O Qb6 8. h3 Rc8
9. b3 Bxd3 10. Qxd3 Nf5 11. g4 Ne7 12. Ba3 Ng6 13. Ng5 Bxa3 14. Nxa3 Qb4 15. Nb1
Qe7 16. Qe3 h6 17. Nf3 c5 18. c3 cxd4 19. cxd4 O-O 20. f5 exf5 21. gxf5 Nh4 22.
f6 Nxf3+ 23. Rxf3 Nxf6 24. exf6 Qxe3+ 25. Rxe3 Rc1+ 26. Kf2 gxf6 27. Re1 Rc2+
28. Kf3 Kh7 29. Na3 Rd2 30. Red1 Rh2 31. Rh1 Rd2 32. Ke3 Rb2 33. Kd3 Rc8 34.
Rhc1 Rxc1 35. Rxc1 Rxa2 36. Nb5 a6 37. Nd6 Rh2 38. Rg1 Rxh3+ 39. Kc2 b5 40. Ne8
Rf3 41. Rg7+ Kh8 42. Rxf7 f5 43. Nf6 Rf2+ 44. Kc3 Rf3+ 45. Kb4 a5+ 46. Kxa5 Rc3
{Black resigns} 1-0

[Event "Team 45 45 League T47"]
[Site "Internet Chess Club"]
[Date "2010.11.26"]
[Round "4"]
[White "GoIrish"]
[Black "mongmong"]
[Result "1/2-1/2"]
[WhiteElo "1538"]
[BlackElo "1531"]
[Opening "Réti opening"]
[ECO "A04"]
[Time "07:00:33"]
[TimeControl "2700+45"]

1. Nf3 e6 2. g3 d5 3. Bg2 Nf6 4. O-O Be7 5. d3 O-O 6. c4 dxc4 7. dxc4 Qxd1 8.
Rxd1 Rd8 9. Rxd8+ Bxd8 10. Nc3 c6 11. b3 Bd7 12. Bb2 Be8 13. Rd1 Be7 14. e4 h6
15. e5 Nh7 16. Ne4 Nd7 17. Nd6 Bxd6 18. Rxd6 Nc5 19. Nd2 Nf8 20. Ba3 Ncd7 21.
Ne4 Nxe5 22. h3 Ned7 23. b4 Nb6 24. Bf1 Ng6 25. f4 Ne7 26. g4 Ng6 27. Bc1 Kf8
28. f5 exf5 29. gxf5 Ne5 30. c5 Nd5 31. a3 f6 32. Bxh6 gxh6 33. Nxf6 Nxf6 34.
Rxf6+ Kg7 35. Re6 Nf3+ 36. Kf2 Nd4 37. f6+ Kf7 38. Rd6 Nb5 39. Bc4+ Kf8 40. Rd3
Bf7 41. Bxb5 cxb5 42. Kg3 Bc4 43. Rd7 Re8 44. Kf4 h5 45. Rxb7 Bd5 46. Rxa7 Re4+
47. Kg5 Re5+ 48. Kg6 Be4+ 49. Kh6 Re6 50. Kxh5 Rxf6 51. a4 bxa4 52. Rxa4 Bd3 53.
h4 Rf7 54. Ra3 Bb5 55. Rc3 Rh7+ 56. Kg5 Rg7+ 57. Kh6 Rg4 58. h5 Bc6 59. Rb3 Bb5
60. Rb2 {Game drawn by mutual agreement} 1/2-1/2

[Event "Team 45 45 League T47"]
[Site "Internet Chess Club"]
[Date "2010.11.28"]
[Round "4"]
[White "MCJR"]
[Black "Esslinger"]
[Result "1-0"]
[WhiteElo "1465"]
[BlackElo "1340"]
[Opening "King's Indian: London system"]
[ECO "A48"]
[Time "17:00:36"]
[TimeControl "2700+45"]

1. d4 Nf6 2. Nf3 g6 3. Bf4 Bg7 4. e3 O-O 5. Bd3 d6 6. h3 c5 7. c3 b6 8. Nbd2 Bb7
9. O-O Nbd7 10. Re1 Re8 11. e4 e6 12. Bg5 Qc7 13. e5 dxe5 14. dxe5 Nd5 15. Nc4
Bf8 16. Qd2 b5 17. Nd6 Bxd6 18. exd6 Qxd6 19. Bxb5 Qc7 20. Bd3 N5f6 21. Rad1
Bxf3 22. gxf3 Nd5 23. Be4 N7f6 24. Bxf6 Nxf6 25. Bxa8 Rxa8 26. Qg5 Kg7 27. Re2
Nd5 28. Qe5+ Kf8 29. Qh8+ {Black resigns} 1-0

[Event "Team 45 45 League T47"]
[Site "Internet Chess Club"]
[Date "2010.11.27"]
[Round "4"]
[White "cacheboy"]
[Black "pestka"]
[Result "1/2-1/2"]
[WhiteElo "2112"]
[BlackElo "2279"]
[Opening "Sicilian: Grand Prix attack"]
[ECO "B23"]
[Time "15:40:16"]
[TimeControl "2700+45"]

1. e4 c5 2. Nc3 Nc6 3. f4 g6 4. Nf3 Bg7 5. Bb5 Nd4 6. O-O Nxb5 7. Nxb5 d5 8.
exd5 a6 9. Nc3 Nf6 10. d4 Nxd5 11. dxc5 Nxc3 12. Qxd8+ Kxd8 13. bxc3 Bxc3 14.
Rb1 Kc7 15. Rb3 Bf6 16. Bd2 a5 17. Rfb1 Ra7 18. c6 Kxc6 19. Rb5 Rd8 20. Be3 Ra6
21. Ne5+ Bxe5 22. Rxe5 e6 23. Rc5+ Kd7 24. Rd1+ Ke8 25. Rxd8+ Kxd8 26. Rxa5 Rc6
27. Rc5 Rd6 28. Kf2 Bd7 29. Rc3 Rd1 30. g4 f6 31. a3 Bc6 32. Rd3+ Rxd3 33. cxd3
e5 34. fxe5 fxe5 35. g5 Kd7 36. Bc5 Ke6 37. Ke3 Kf5 38. Be7 Ke6 39. Bd8 Kd6 40.
h4 Kd7 41. Bf6 Ke6 42. Bd8 Kf5 43. Bc7 {Game drawn by mutual agreement} 1/2-1/2

[Event "Team 45 45 League T47"]
[Site "Internet Chess Club"]
[Date "2010.11.27"]
[Round "4"]
[White "eurander"]
[Black "BlackHorse"]
[Result "1-0"]
[WhiteElo "2189"]
[BlackElo "1969"]
[Opening "Sicilian: Alapin's variation (2.c3)"]
[ECO "B22"]
[Time "08:30:01"]
[TimeControl "2700+45"]

1. e4 c5 2. c3 Nf6 3. e5 Nd5 4. d4 cxd4 5. cxd4 e6 6. Nf3 d6 7. Bc4 Nb6 8. Bd3
Nc6 9. Qe2 dxe5 10. dxe5 h6 11. O-O Bc5 12. Nc3 O-O 13. Qe4 f5 14. exf6 Qxf6 15.
Qh7+ Kf7 16. Ne4 {Black resigns} 1-0

[Event "Team 45 45 League T47"]
[Site "Internet Chess Club"]
[Date "2010.11.26"]
[Round "4"]
[White "Phosphorus"]
[Black "mitus"]
[Result "1-0"]
[WhiteElo "2079"]
[BlackElo "1756"]
[Opening "KGD: Falkbeer, 5.de"]
[ECO "C32"]
[Time "12:03:35"]
[TimeControl "2700+45"]

1. e4 e5 2. f4 d5 3. exd5 e4 4. d3 Nf6 5. dxe4 Nxe4 6. Nf3 Bc5 7. Qe2 Qxd5 8.
Nfd2 f5 9. Nc3 Qc6 10. Ndxe4 O-O 11. Nxc5 Re8 12. Be3 Be6 13. Nxe6 Rxe6 14. Qc4
{Black resigns} 1-0

[Event "Team 45 45 League T47"]
[Site "Internet Chess Club"]
[Date "2010.11.24"]
[Round "4"]
[White "vollmerj"]
[Black "eSeM"]
[Result "0-1"]
[WhiteElo "1632"]
[BlackElo "1951"]
[Opening "Sicilian: Najdorf, Zagreb (fianchetto) variation"]
[ECO "B91"]
[Time "19:00:13"]
[TimeControl "2700+45"]

1. e4 c5 2. Ne2 Nf6 3. Nbc3 d6 4. d4 cxd4 5. Nxd4 a6 6. g3 e5 7. Nb3 Be7 8. Bg2
O-O 9. O-O Nbd7 10. Nd5 Nxd5 11. exd5 Nf6 12. c4 Bg4 13. Bf3 Bxf3 14. Qxf3 Rc8
15. Nd2 b5 16. cxb5 axb5 17. Rd1 Qd7 18. Ne4 Rc2 19. Nxf6+ Bxf6 20. Qb3 Rfc8 21.
Be3 e4 22. Bd4 Qf5 23. Qe3 R8c4 24. Bxf6 Qxf6 25. b3 R4c3 26. Qd4 Qf3 27. Rd2 h6
28. a4 Rc1+ 29. Rd1 Rxa1 30. Rxa1 Rd3 31. Qb6 e3 32. fxe3 Rd2 33. Qd8+ Kh7 34.
Qh8+ Kxh8 35. Rf1 Qg2# {White checkmated} 0-1

[Event "Team 45 45 League T47"]
[Site "Internet Chess Club"]
[Date "2010.12.01"]
[Round "4"]
[White "WilThorpe"]
[Black "Monsoon-Smith"]
[Result "1-0"]
[WhiteElo "2055"]
[BlackElo "1946"]
[Opening "Sicilian: Kan, 5.Bd3"]
[ECO "B42"]
[Time "18:33:04"]
[TimeControl "2700+45"]

1. e4 c5 2. Nf3 e6 3. d4 cxd4 4. Nxd4 a6 5. Bd3 Nf6 6. O-O Qc7 7. Qe2 d6 8. c4
g6 9. b3 Bg7 10. Bb2 O-O 11. Nc3 Nbd7 12. Rad1 b6 13. Kh1 Bb7 14. f4 e5 15. fxe5
Nxe5 16. Bb1 Rfe8 17. Nc2 Neg4 18. Ne3 Nxe3 19. Qxe3 Nxe4 20. Nd5 Bxd5 21. Bxg7
Bb7 22. Bb2 Qc6 23. Rd5 f5 24. Qd4 Re5 25. Bxe4 fxe4 26. Rxe5 Rf8 27. Re8 {Black
resigns} 1-0

[Event "Team 45 45 League T47"]
[Site "Internet Chess Club"]
[Date "2010.11.29"]
[Round "4"]
[White "Freitac"]
[Black "Dreamshell"]
[Result "1/2-1/2"]
[WhiteElo "1939"]
[BlackElo "1905"]
[Opening "QGD Slav: 4.e3 Bf5"]
[ECO "D12"]
[Time "16:01:19"]
[TimeControl "2700+45"]

1. d4 d5 2. c4 c6 3. Nf3 Nf6 4. e3 Bf5 5. Nc3 e6 6. Nh4 Bg4 7. Qb3 Qc7 8. h3 Bh5
9. g4 Bg6 10. Nxg6 hxg6 11. Bg2 Nbd7 12. g5 dxc4 13. Qxc4 Nd5 14. Bd2 Rh4 15.
Rc1 Qb6 16. e4 Nxc3 17. bxc3 Qb2 18. Qb3 Qxb3 19. axb3 e5 20. d5 Nc5 21. Ke2
Nxe4 22. dxc6 Nxd2 23. cxb7 Rb8 24. Kxd2 e4 25. Rhe1 f5 26. gxf6 gxf6 27. Bxe4
Bh6+ 28. Kc2 Bxc1 29. Kxc1 Kd7 30. c4 Rxh3 31. c5 Rc3+ 32. Kb2 Rxc5 33. Ra1 a5
34. Bg2 g5 35. b4 Rf5 36. Bh3 Ke6 37. Re1+ Kf7 38. Bxf5 Rxb7 39. Re4 axb4 40.
Kb3 Re7 41. Rxe7+ Kxe7 42. Kxb4 Kd6 43. Kc3 Ke5 44. Bc8 Kf4 45. Kd2 g4 46. Ke2
g3 47. f3 g2 48. Kf2 g1=N {Game drawn by mutual agreement} 1/2-1/2

[Event "Team 45 45 League T47"]
[Site "Internet Chess Club"]
[Date "2010.11.28"]
[Round "4"]
[White "BigH"]
[Black "AntMantis"]
[Result "1-0"]
[WhiteElo "1821"]
[BlackElo "1998"]
[Opening "QGD Slav: 4.e3 Bf5"]
[ECO "D12"]
[Time "12:26:04"]
[TimeControl "2700+45"]

1. d4 d5 2. c4 c6 3. Nf3 Nf6 4. e3 Bf5 5. Nc3 e6 6. Nh4 Bg4 7. Qb3 Qb6 8. h3 Bh5
9. g4 Bg6 10. Nxg6 hxg6 11. g5 Nh5 12. e4 dxe4 13. Be3 Qc7 14. d5 exd5 15. cxd5
Be7 16. Bg2 O-O 17. Bxe4 Re8 18. Bxg6 Bxg5 19. d6 Rxe3+ 20. fxe3 Bh4+ 21. Kf1
Qd7 22. Ne4 Kf8 23. Nc5 Qe8 24. Bxh5 {Black resigns} 1-0

[Event "Team 45 45 League T47"]
[Site "Internet Chess Club"]
[Date "2010.11.28"]
[Round "4"]
[White "Uragon-bocho"]
[Black "oldsj"]
[Result "1-0"]
[WhiteElo "2012"]
[BlackElo "1618"]
[Opening "King's Indian: Petrosian system"]
[ECO "E92"]
[Time "09:01:06"]
[TimeControl "2700+45"]

1. d4 Nf6 2. c4 g6 3. Nf3 Bg7 4. Nc3 d6 5. e4 O-O 6. Be2 e5 7. d5 Na6 8. O-O Nc5
9. Qc2 a5 10. Be3 b6 11. a3 Nh5 12. b4 Nb7 13. Kh1 f5 14. exf5 Bxf5 15. Qd2 Nf4
16. Bxf4 exf4 17. Nd4 Qf6 18. Ncb5 Rae8 19. Bf3 Qd8 20. Ra2 Bd7 21. Ne6 Bxe6 22.
dxe6 Qc8 23. e7 Rxe7 24. Qd5+ Rff7 25. Qxb7 Qe6 26. Bd5 {Black resigns} 1-0

[Event "Team 45 45 League T47"]
[Site "Internet Chess Club"]
[Date "2010.11.25"]
[Round "4"]
[White "Despair"]
[Black "kabindra"]
[Result "1/2-1/2"]
[WhiteElo "1950"]
[BlackElo "1784"]
[Opening "KGA: Cunningham defense"]
[ECO "C35"]
[Time "12:00:25"]
[TimeControl "2700+45"]

1. e4 e5 2. f4 exf4 3. Nf3 Be7 4. d4 Bh4+ 5. Ke2 d5 6. Qd3 b6 7. exd5 Qe7+ 8.
Kd1 Bg4 9. Be2 Nh6 10. Bxf4 Bf5 11. Qb5+ Bd7 12. Qc4 Ng4 13. Rf1 O-O 14. Qxc7
Rc8 15. Qb7 Rxc2 16. Kxc2 Bf5+ 17. Kd2 Qxb7 18. Nxh4 Bxb1 19. Raxb1 Nf6 20. Nf5
Na6 21. Be5 Ne4+ 22. Kd3 f6 23. Kxe4 fxe5 24. dxe5 Re8 25. Bb5 Nc5+ 26. Kd4 Rd8
27. Nd6 Qe7 28. g3 Rxd6 29. exd6 Qe4+ 30. Kc3 Qe5+ 31. Kc2 Qe4+ 32. Kc3 Qe5+ 33.
Kc2 {Game drawn by mutual agreement} 1/2-1/2

[Event "Team 45 45 League T47"]
[Site "Internet Chess Club"]
[Date "2010.11.28"]
[Round "4"]
[White "vaknight"]
[Black "tsia68"]
[Result "0-1"]
[WhiteElo "1753"]
[BlackElo "1905"]
[Opening "Bird's opening"]
[ECO "A02"]
[Time "10:05:21"]
[TimeControl "2700+45"]

1. f4 Nf6 2. Nf3 d5 3. b3 g6 4. Bb2 Bg7 5. e3 O-O 6. Bd3 c5 7. O-O Nc6 8. Na3
Bg4 9. h3 Bxf3 10. Qxf3 a6 11. f5 Qd6 12. g4 b5 13. Rad1 Ne4 14. Bxg7 Kxg7 15.
Bxe4 dxe4 16. Qf2 Ne5 17. Kg2 Rad8 18. Qf4 Qd5 19. Nb1 b4 20. f6+ exf6 21. Qxf6+
Kg8 22. Qg5 Rd6 23. Rf6 Rxf6 24. Qxf6 Rd8 25. Qxa6 Ra8 26. Qe2 Rxa2 27. Rc1 Kg7
28. Kf1 Nf3 29. Kf2 Qe5 30. Kf1 Rb2 31. d3 Qd5 32. dxe4 Qxe4 33. Nd2 Nxd2+ 34.
Qxd2 Qf3+ 35. Ke1 Qxh3 36. Qe2 Qh1+ 37. Kd2 Qd5+ 38. Ke1 Qh1+ 39. Kd2 Qd5+ 40.
Ke1 Qe4 41. Kd2 Ra2 42. Qc4 Qxc4 43. bxc4 b3 44. Kc3 Rxc2+ 45. Rxc2 bxc2 46.
Kxc2 h5 47. Kd2 hxg4 48. Ke2 Kf6 {White resigns} 0-1